Adelaide Pink Elephants vs Toronto St Pats
Created - Monday, September 2, 2024 at 09:09
Goals
|
| Adelaide Pink Elephants |
1 |
1 |
3 |
5 |
| Toronto St Pats |
2 |
0 |
0 |
2 |
|
Shots
|
| Adelaide Pink Elephants |
16 |
3 |
16 |
35 |
| Toronto St Pats |
17 |
8 |
19 |
44 |
|
1st period
1. Toronto St Pats , Austin Watson 3 (Brendan Brisson 4) at 13:01
2. Toronto St Pats , John Farinacci 4 (Matthew Maggio 1, Nikita Okhotiuk 4) at 18:16
3. Adelaide Pink Elephants , Noah Cates 1 (Cal Clutterbuck 7) at 19:07 (PP)
Penalties :
Nick Cousins (TSP) for Tripping (Minor) at 18:59
2nd period
4. Adelaide Pink Elephants , Sean Farrell 7 (Fredrik Olofsson 4) at 17:44 (PP)
Penalties :
Cal Clutterbuck (APE) for Tripping (Minor) at 0:58, Nikita Okhotiuk (TSP) for Roughing (Minor) at 12:58, Austin Watson (TSP) for Hooking (Minor) at 17:42, Ilya Solovyov (APE) for Hooking (Minor) at 19:26
3rd period
5. Adelaide Pink Elephants , Noah Cates 2 (Denis Gurianov 9) at 11:06 (PP)
6. Adelaide Pink Elephants , Akil Thomas 6 (Noah Cates 5) at 12:03
7. Adelaide Pink Elephants , Cal Clutterbuck 8 (Akil Thomas 9, Noah Cates 6) at 16:54
Penalties :
Cal Clutterbuck (APE) for Interference (Minor) at 3:26, Brett Berard (TSP) for Interference (Minor) at 11:03
Goalie Stats
Daniel Vladar (APE), 42 saves from 44 shots - (0.955), W, 2-1-0, 60:00 minutes
Jakub Skarek (TSP), 30 saves from 35 shots - (0.857), L, 1-2-0, 60:00 minutes
Players Stats for Adelaide Pink Elephants
Player Name G A P +/- PIM S H SB GA TA FO MP PP MP PK MP
------------------------------------------------------------------------------------
Akil Thomas 1 1 2 2 0 7 1 0 2 0 10/12 21:13 1:06 0:00
Ben Gleason 0 0 0 -1 0 0 0 0 0 0 0/0 14:03 0:00 1:26
Cal Clutterbuck 1 1 2 0 4 6 3 0 0 0 2/3 21:57 1:06 1:13
Caleb Jones 0 0 0 1 0 1 2 4 3 0 0/0 21:20 1:13 2:48
Colton Dach 0 0 0 0 0 0 2 1 0 1 0/0 15:26 0:00 0:00
Daemon Hunt 0 0 0 1 0 1 0 3 0 3 0/0 21:20 1:13 2:48
Denis Gurianov 0 1 1 -2 0 2 1 0 0 0 1/4 18:06 1:06 2:38
Francesco Pinelli 0 0 0 0 0 0 0 0 0 0 0/0 4:07 0:00 0:28
Fredrik Olofsson 0 1 1 0 0 3 0 0 0 0 6/14 19:03 1:06 2:28
Ilya Solovyov 0 0 0 0 2 0 2 2 0 2 0/0 18:27 0:59 1:43
Nick Cicek 0 0 0 0 0 0 1 0 0 0 0/0 7:37 0:00 0:00
Noah Cates 2 2 4 0 0 7 1 1 0 0 7/16 23:00 1:06 3:10
Robin Salo 0 0 0 -1 0 1 3 0 0 0 0/0 13:11 0:00 0:00
Ryan Suzuki 0 0 0 0 0 2 0 1 0 0 4/5 15:33 0:00 0:00
Sean Farrell 1 0 1 0 0 2 2 0 0 0 1/1 16:19 1:06 0:00
Tristen Robins 0 0 0 0 0 1 1 0 0 0 0/4 17:07 0:00 1:57
Ville Heinola 0 0 0 0 0 0 0 0 0 0 0/0 6:42 0:00 0:00
William Wallinder 0 0 0 0 0 2 1 1 0 1 0/0 19:29 0:59 3:09
Players Stats for Toronto St Pats
Player Name G A P +/- PIM S H SB GA TA FO MP PP MP PK MP
------------------------------------------------------------------------------------
Austin Watson 1 0 1 1 2 3 5 2 0 0 0/0 16:27 2:39 0:00
Bogdan Trineyev 0 0 0 1 0 0 0 0 0 0 0/0 9:38 0:00 0:00
Brendan Brisson 0 1 1 1 0 2 1 1 3 0 8/20 17:35 2:42 1:04
Brendan Gaunce 0 0 0 -2 0 5 3 0 0 0 8/14 14:41 0:20 0:00
Brett Berard 0 0 0 -2 2 2 4 2 0 0 0/0 14:07 0:00 0:00
Connor Dewar 0 0 0 0 0 5 2 0 2 0 9/19 18:53 3:07 1:08
John Farinacci 1 0 1 1 0 4 3 0 0 1 2/2 10:10 0:00 0:08
Lassi Thomson 0 0 0 1 0 1 2 2 0 0 0/0 14:13 0:00 1:00
Lucas Carlsson 0 0 0 1 0 0 0 1 0 0 0/0 15:57 2:58 0:00
Mackie Samoskevich 0 0 0 1 0 0 0 2 0 0 0/0 16:34 2:43 0:00
Matthew Maggio 0 1 1 1 0 1 1 0 0 0 0/0 9:45 0:07 0:00
Nick Cousins 0 0 0 0 2 4 1 0 1 1 0/0 18:20 3:07 1:00
Nikita Okhotiuk 0 1 1 -1 2 3 1 4 0 1 0/0 22:29 0:00 0:13
Pierre-Olivier Joseph 0 0 0 -1 0 3 0 2 0 2 0/0 25:55 2:58 1:13
Ryan Tverberg 0 0 0 -2 0 9 2 0 1 0 0/0 14:33 0:08 0:00
Sam Malinski 0 0 0 0 0 0 1 0 0 0 0/0 20:36 2:59 0:59
Scott Perunovich 0 0 0 0 0 2 3 2 0 0 0/0 19:43 2:59 0:59
Travis Boyd 0 0 0 0 0 0 2 1 0 0 1/4 18:08 2:58 1:04
3 Stars
1 - Noah Cates (APE)
2 - Daniel Vladar (APE)
3 - Akil Thomas (APE)
Power Play
Adelaide Pink Elephants - 3 on 4 Attempt(s) - 75.00%
Toronto St Pats - 0 on 3 Attempt(s) - 0.00%
Penalty Kill
Adelaide Pink Elephants - 3 on 3 Attempt(s) - 100.00%
- Score 0 goal in Penalty Kill
Toronto St Pats - 1 on 4 Attempt(s) - 25.00%
- Score 0 goal in Penalty Kill
Team Stat
Adelaide Pink Elephants - Hits : 20 - Faceoff Wins : 31 - Blocked Shots : 13 - Penalty Minutes : 6
Toronto St Pats - Hits : 31 - Faceoff Wins : 28 - Blocked Shots : 19 - Penalty Minutes : 8
Official
Referees : Jon Mcisaac and Ian Walsh
Linesman : Bevan Mills and Tommy Hughes
Game Notes
No Game Note
Adelaide Pink Elephants
5 vs 5 Forward
Center Left Wing Right Wing Time % Phy DF OF
1 Noah Cates Denis Gurianov Cal Clutterbuck 30 1 2 2
2 Fredrik Olofsson Sean Farrell Akil Thomas 30 1 2 2
3 Ryan Suzuki Colton Dach Tristen Robins 25 1 2 2
4 Akil Thomas Cal Clutterbuck Noah Cates 15 1 2 2
5 vs 5 Defense
Defense Defense Time % Phy DF OF
1 Caleb Jones Daemon Hunt 30 1 2 2
2 Ilya Solovyov William Wallinder 30 1 2 2
3 Robin Salo Ben Gleason 25 1 2 2
4 Nick Cicek Ville Heinola 15 1 2 2
PowerPlay Forward
Center Left Wing Right Wing Time % Phy DF OF
1 Noah Cates Denis Gurianov Cal Clutterbuck 50 1 2 2
2 Fredrik Olofsson Sean Farrell Akil Thomas 50 1 2 2
PowerPlay Defense
Defense Defense Time % Phy DF OF
1 Caleb Jones Daemon Hunt 50 1 2 2
2 Ilya Solovyov William Wallinder 50 1 2 2
Penalty Kill 4 Players Forward
Center Wing Time % Phy DF OF
1 Cal Clutterbuck Noah Cates 50 1 2 2
2 Denis Gurianov Fredrik Olofsson 50 1 2 2
Penalty Kill 4 Players Defense
Defense Defense Time % Phy DF OF
1 Caleb Jones Daemon Hunt 50 1 2 2
2 Ilya Solovyov William Wallinder 50 1 2 2
Penalty Kill - 3 Players Forward
Forward Time % Phy DF OF
1 Cal Clutterbuck 50 1 2 2
2 Noah Cates 50 1 2 2
Penalty Kill - 3 Players Defense
Defense Defense Time % Phy DF OF
1 Caleb Jones Daemon Hunt 50 1 2 2
2 Ilya Solovyov William Wallinder 50 1 2 2
4 vs 4 Forward
Center Wing Time % Phy DF OF
1 Cal Clutterbuck Noah Cates 50 1 2 2
2 Denis Gurianov Fredrik Olofsson 50 1 2 2
4 vs 4 Defense
Defense Defense Time % Phy DF OF
1 Caleb Jones Daemon Hunt 50 1 2 2
2 Ilya Solovyov William Wallinder 50 1 2 2
Last Minutes Offensive
Center Left Wing Right Wing Defense Defense
Noah Cates Denis Gurianov Cal Clutterbuck Caleb Jones Daemon Hunt
Last Minutes Defensive
Center Left Wing Right Wing Defense Defense
Noah Cates Denis Gurianov Cal Clutterbuck Caleb Jones Daemon Hunt
Goaltenders
Starting : Daniel Vladar
Backup : Antti Raanta
Extra Forwards
Normal : Francesco Pinelli, Ryan Suzuki, Tristen Robins - PP : Francesco Pinelli, Ryan Suzuki - PK : Tristen Robins
Extra Defensemen
Normal : Robin Salo, Ben Gleason, Nick Cicek - PP : Robin Salo - PK : Ben Gleason, Nick Cicek
Penalty Shots
Cal Clutterbuck, Noah Cates, Denis Gurianov, Fredrik Olofsson, Ryan Suzuki
Scratches
Kyle Masters (Healthy), Brett Harrison (Healthy), Jakub Brabenec (Healthy), Ryder Korczak (Healthy), Philippe Daoust (Healthy)
Matthew Murray (Healthy)
Toronto St Pats
5 vs 5 Forward
Center Left Wing Right Wing Time % Phy DF OF
1 Connor Dewar Nick Cousins Travis Boyd 30 1 2 2
2 Brendan Brisson Austin Watson Mackie Samoskevich 30 1 2 2
3 Brendan Gaunce Brett Berard Ryan Tverberg 25 1 2 2
4 John Farinacci Bogdan Trineyev Matthew Maggio 15 1 2 2
5 vs 5 Defense
Defense Defense Time % Phy DF OF
1 Nikita Okhotiuk Pierre-Olivier Joseph 30 1 2 2
2 Sam Malinski Scott Perunovich 30 1 2 2
3 Lucas Carlsson Lassi Thomson 25 1 2 2
4 Nikita Okhotiuk Pierre-Olivier Joseph 15 1 2 2
PowerPlay Forward
Center Left Wing Right Wing Time % Phy DF OF
1 Connor Dewar Nick Cousins Travis Boyd 50 1 2 2
2 Brendan Brisson Austin Watson Mackie Samoskevich 50 1 2 2
PowerPlay Defense
Defense Defense Time % Phy DF OF
1 Sam Malinski Scott Perunovich 50 1 2 2
2 Lucas Carlsson Pierre-Olivier Joseph 50 1 2 2
Penalty Kill 4 Players Forward
Center Wing Time % Phy DF OF
1 Connor Dewar Nick Cousins 50 1 2 2
2 Travis Boyd Brendan Brisson 50 1 2 2
Penalty Kill 4 Players Defense
Defense Defense Time % Phy DF OF
1 Nikita Okhotiuk Pierre-Olivier Joseph 50 1 2 2
2 Sam Malinski Scott Perunovich 50 1 2 2
Penalty Kill - 3 Players Forward
Forward Time % Phy DF OF
1 Connor Dewar 50 1 2 2
2 Nick Cousins 50 1 2 2
Penalty Kill - 3 Players Defense
Defense Defense Time % Phy DF OF
1 Nikita Okhotiuk Pierre-Olivier Joseph 50 1 2 2
2 Sam Malinski Scott Perunovich 50 1 2 2
4 vs 4 Forward
Center Wing Time % Phy DF OF
1 Connor Dewar Nick Cousins 50 1 2 2
2 Travis Boyd Brendan Brisson 50 1 2 2
4 vs 4 Defense
Defense Defense Time % Phy DF OF
1 Nikita Okhotiuk Pierre-Olivier Joseph 50 1 2 2
2 Sam Malinski Scott Perunovich 50 1 2 2
Last Minutes Offensive
Center Left Wing Right Wing Defense Defense
Connor Dewar Nick Cousins Travis Boyd Nikita Okhotiuk Pierre-Olivier Joseph
Last Minutes Defensive
Center Left Wing Right Wing Defense Defense
Connor Dewar Nick Cousins Travis Boyd Nikita Okhotiuk Pierre-Olivier Joseph
Goaltenders
Starting : Jakub Skarek
Backup : Adam Scheel
Extra Forwards
Normal : Brendan Gaunce, Ryan Tverberg, John Farinacci - PP : Brendan Gaunce, Ryan Tverberg - PK : John Farinacci
Extra Defensemen
Normal : Lucas Carlsson, Lassi Thomson, Sam Malinski - PP : Lucas Carlsson - PK : Lassi Thomson, Sam Malinski
Penalty Shots
Connor Dewar, Nick Cousins, Travis Boyd, Brendan Brisson, Austin Watson
Scratches
Cole McWard (Healthy), Nico Myatovic (Healthy), Eetu Liukas (Healthy), Ville Koivunen (Healthy), Jake Leschyshyn (Healthy)
Brett Brochu (Healthy), Will Cranley (Healthy)
% Time on Ice - Adelaide Pink Elephants
Lines # - Real PCT - Wanted PCT - Time Play
Normal Forward
1 - 28% - 30% - 14:42
2 - 30% - 30% - 15:45
3 - 30% - 25% - 15:39
4 - 11% - 15% - 5:45
Normal Defense
1 - 33% - 30% - 17:19
2 - 29% - 30% - 15:13
3 - 24% - 25% - 12:37
4 - 13% - 15% - 6:42
PP Forward
1 - 50% - 50% - 1:06
2 - 50% - 50% - 1:06
PP Defense
1 - 55% - 50% - 1:13
2 - 45% - 50% - 0:59
PK Forward
1 - 61% - 50% - 3:38
2 - 39% - 50% - 2:19
PK Defense
1 - 47% - 50% - 2:48
2 - 53% - 50% - 3:09
PK3 Forward
1 - 0% - 50%
2 - 0% - 50%
PK3 Defense
1 - 0% - 50%
2 - 0% - 50%
44 Forward
1 - 0% - 50%
2 - 0% - 50%
44 Defense
1 - 0% - 50%
2 - 0% - 50%
Last Minute Offensive - 0:00
Last Minute Defensive - 0:00
Total
Forward - 60:00
Defense - 60:00
|
% Time on Ice - Toronto St Pats
Lines # - Real PCT - Wanted PCT - Time Play
Normal Forward
1 - 27% - 30% - 14:14
2 - 27% - 30% - 13:51
3 - 27% - 25% - 14:08
4 - 19% - 15% - 9:38
Normal Defense
1 - 31% - 30% - 16:08
2 - 31% - 30% - 15:56
3 - 25% - 25% - 13:06
4 - 13% - 15% - 6:41
PP Forward
1 - 52% - 50% - 3:07
2 - 48% - 50% - 2:50
PP Defense
1 - 50% - 50% - 2:59
2 - 50% - 50% - 2:58
PK Forward
1 - 52% - 50% - 1:08
2 - 48% - 50% - 1:04
PK Defense
1 - 55% - 50% - 1:13
2 - 45% - 50% - 0:59
PK3 Forward
1 - 0% - 50%
2 - 0% - 50%
PK3 Defense
1 - 0% - 50%
2 - 0% - 50%
44 Forward
1 - 0% - 50%
2 - 0% - 50%
44 Defense
1 - 0% - 50%
2 - 0% - 50%
Last Minute Offensive - 0:00
Last Minute Defensive - 0:00
Total
Forward - 60:00
Defense - 60:00
|
Play-by-Play
1st period
0:01 of 1st period - Travis Boyd wins face-off versus Noah Cates in neutral zone.
0:14 of 1st period - Snap shot by Nick Cousins.
0:14 of 1st period - Stopped by Daniel Vladar without a rebound.
0:15 of 1st period - Brendan Brisson wins face-off versus Fredrik Olofsson in Adelaide Pink Elephants zone.
0:28 of 1st period - Wrist shot by Sean Farrell.
0:28 of 1st period - Stopped by Jakub Skarek with a rebound.
0:40 of 1st period - Tristen Robins is hit by Brendan Gaunce and loses puck.
1:13 of 1st period - Matthew Maggio is hit by Ilya Solovyov and loses puck.
2:41 of 1st period - John Farinacci is hit by Robin Salo and loses puck.
3:26 of 1st period - Austin Watson is hit by Nick Cicek and loses puck.
3:41 of 1st period - Colton Dach is hit by John Farinacci and loses puck.
4:14 of 1st period - Slapshot by Ryan Tverberg.
4:14 of 1st period - Stopped by Daniel Vladar with a rebound.
4:22 of 1st period - Ryan Tverberg is hit by Cal Clutterbuck and loses puck.
4:43 of 1st period - Snap shot by Mackie Samoskevich.
4:43 of 1st period - Shot Misses the Net.
5:24 of 1st period - Connor Dewar is hit by Colton Dach and loses puck.
5:37 of 1st period - Wrist shot by Connor Dewar.
5:37 of 1st period - Shot Misses the Net.
6:31 of 1st period - Slapshot by Connor Dewar.
6:31 of 1st period - Stopped by Daniel Vladar without a rebound.
6:32 of 1st period - Brendan Brisson wins face-off versus Tristen Robins in Adelaide Pink Elephants zone.
7:06 of 1st period - Snap shot by Connor Dewar.
7:06 of 1st period - Stopped by Daniel Vladar with a rebound.
7:31 of 1st period - Sam Malinski is hit by Caleb Jones and loses puck.
7:52 of 1st period - Wrist shot by Denis Gurianov.
7:52 of 1st period - Stopped by Jakub Skarek without a rebound.
7:53 of 1st period - Sean Farrell wins face-off versus Brendan Brisson in Toronto St Pats zone.
7:54 of 1st period - Wrist shot by Akil Thomas.
7:54 of 1st period - Stopped by Jakub Skarek with a rebound.
8:18 of 1st period - Colton Dach is hit by Travis Boyd and loses puck.
8:57 of 1st period - Icing by Cal Clutterbuck.
8:58 of 1st period - Brendan Gaunce wins face-off versus Noah Cates in Adelaide Pink Elephants zone.
9:30 of 1st period - Daemon Hunt is hit by Travis Boyd and loses puck.
10:46 of 1st period - Snap shot by Travis Boyd.
10:46 of 1st period - Shot Misses the Net.
10:54 of 1st period - Snap shot by Nick Cousins.
10:54 of 1st period - Shot Misses the Net.
11:04 of 1st period - Nick Cicek is hit by Ryan Tverberg and loses puck.
11:09 of 1st period - Slapshot by Ryan Tverberg.
11:09 of 1st period - Stopped by Daniel Vladar with a rebound.
11:11 of 1st period - Snap shot by Brendan Gaunce.
11:11 of 1st period - Shot Misses the Net.
11:13 of 1st period - Snap shot by Brendan Gaunce.
11:13 of 1st period - Stopped by Daniel Vladar with a rebound.
11:23 of 1st period - Wrist shot by Brendan Brisson.
11:23 of 1st period - Stopped by Daniel Vladar without a rebound.
11:24 of 1st period - Ryan Suzuki wins face-off versus Brendan Brisson in Adelaide Pink Elephants zone.
11:35 of 1st period - Snap shot by Ryan Suzuki.
11:35 of 1st period - Stopped by Jakub Skarek with a rebound.
11:56 of 1st period - Snap shot by Sean Farrell.
11:56 of 1st period - Shot Blocked by Nikita Okhotiuk.
11:58 of 1st period - Snap shot by Fredrik Olofsson.
11:58 of 1st period - Stopped by Jakub Skarek without a rebound.
11:59 of 1st period - Akil Thomas wins face-off versus Brendan Brisson in Toronto St Pats zone.
12:08 of 1st period - Wrist shot by Cal Clutterbuck.
12:08 of 1st period - Stopped by Jakub Skarek with a rebound.
12:10 of 1st period - Wrist shot by Cal Clutterbuck.
12:10 of 1st period - Shot Misses the Net.
12:12 of 1st period - Wrist shot by Noah Cates.
12:12 of 1st period - Shot Blocked by Brendan Brisson.
12:26 of 1st period - Pierre-Olivier Joseph is hit by Robin Salo and loses puck.
12:49 of 1st period - Slapshot by Fredrik Olofsson.
12:49 of 1st period - Shot Misses the Net.
12:51 of 1st period - Snap shot by Sean Farrell.
12:51 of 1st period - Deflect By Akil Thomas.
12:51 of 1st period - Shot Misses the Net.
12:51 of 1st period - Puck is out of play.
12:52 of 1st period - Brendan Brisson wins face-off versus Noah Cates in Toronto St Pats zone.
12:59 of 1st period - Wrist shot by Austin Watson.
12:59 of 1st period - Shot Blocked by William Wallinder.
13:01 of 1st period - Slapshot by Austin Watson.
13:01 of 1st period - Goal by Austin Watson - Adelaide Pink Elephants : 0 - Toronto St Pats : 1.
13:02 of 1st period - Akil Thomas wins face-off versus Connor Dewar in neutral zone.
13:05 of 1st period - Slapshot by Cal Clutterbuck.
13:05 of 1st period - Deflect By Nick Cousins.
13:05 of 1st period - Stopped by Jakub Skarek without a rebound.
13:06 of 1st period - Akil Thomas wins face-off versus Connor Dewar in Toronto St Pats zone.
13:07 of 1st period - Wrist shot by Noah Cates.
13:07 of 1st period - Shot Misses the Net.
13:10 of 1st period - Icing by Pierre-Olivier Joseph.
13:11 of 1st period - Akil Thomas wins face-off versus Connor Dewar in Toronto St Pats zone.
13:26 of 1st period - Snap shot by Nick Cousins.
13:26 of 1st period - Deflect By Connor Dewar.
13:26 of 1st period - Stopped by Daniel Vladar with a rebound.
13:28 of 1st period - Snap shot by Connor Dewar.
13:28 of 1st period - Deflect By Nick Cousins.
13:28 of 1st period - Shot Blocked by Noah Cates.
13:28 of 1st period - Puck is out of play.
13:29 of 1st period - Ryan Suzuki wins face-off versus Brendan Brisson in Adelaide Pink Elephants zone.
13:50 of 1st period - Colton Dach is hit by Austin Watson and loses puck.
14:03 of 1st period - Wrist shot by Tristen Robins.
14:03 of 1st period - Shot Blocked by Nikita Okhotiuk.
14:05 of 1st period - Snap shot by Tristen Robins.
14:05 of 1st period - Stopped by Jakub Skarek with a rebound.
14:07 of 1st period - Snap shot by Ryan Suzuki.
14:07 of 1st period - Stopped by Jakub Skarek with a rebound.
14:09 of 1st period - Snap shot by Ryan Suzuki.
14:09 of 1st period - Shot Blocked by Nikita Okhotiuk.
14:11 of 1st period - Slapshot by Daemon Hunt.
14:11 of 1st period - Shot Misses the Net.
14:15 of 1st period - Snap shot by Ryan Suzuki.
14:15 of 1st period - Shot Misses the Net.
14:17 of 1st period - Wrist shot by Colton Dach.
14:17 of 1st period - Shot Blocked by Pierre-Olivier Joseph.
14:19 of 1st period - Slapshot by Ryan Suzuki.
14:19 of 1st period - Shot Misses the Net.
14:21 of 1st period - Slapshot by Daemon Hunt.
14:21 of 1st period - Shot Misses the Net.
14:23 of 1st period - Slapshot by Daemon Hunt.
14:23 of 1st period - Stopped by Jakub Skarek without a rebound.
14:24 of 1st period - Brendan Gaunce wins face-off versus Akil Thomas in Toronto St Pats zone.
15:00 of 1st period - Snap shot by Cal Clutterbuck.
15:00 of 1st period - Shot Misses the Net.
15:02 of 1st period - Wrist shot by Cal Clutterbuck.
15:02 of 1st period - Deflect By Akil Thomas.
15:02 of 1st period - Stopped by Jakub Skarek with a rebound.
15:04 of 1st period - Wrist shot by Noah Cates.
15:04 of 1st period - Stopped by Jakub Skarek without a rebound.
15:05 of 1st period - Connor Dewar wins face-off versus Fredrik Olofsson in Toronto St Pats zone.
15:09 of 1st period - Off-side.
15:10 of 1st period - Connor Dewar wins face-off versus Fredrik Olofsson in neutral zone.
15:18 of 1st period - Icing by Ville Heinola.
15:19 of 1st period - Brendan Gaunce wins face-off versus Fredrik Olofsson in Adelaide Pink Elephants zone.
15:20 of 1st period - Snap shot by Ryan Tverberg.
15:20 of 1st period - Stopped by Daniel Vladar with a rebound.
15:29 of 1st period - Off-side.
15:30 of 1st period - Connor Dewar wins face-off versus Noah Cates in neutral zone.
15:45 of 1st period - Snap shot by Denis Gurianov.
15:45 of 1st period - Shot Blocked by Pierre-Olivier Joseph.
15:55 of 1st period - Colton Dach is hit by Nikita Okhotiuk and loses puck.
16:00 of 1st period - Snap shot by Ryan Tverberg.
16:00 of 1st period - Stopped by Daniel Vladar with a rebound.
16:02 of 1st period - Snap shot by Brendan Gaunce.
16:02 of 1st period - Deflect By Brett Berard.
16:02 of 1st period - Stopped by Daniel Vladar with a rebound.
16:04 of 1st period - Wrist shot by Ryan Tverberg.
16:04 of 1st period - Shot Blocked by Ilya Solovyov.
16:06 of 1st period - Slapshot by Lucas Carlsson.
16:06 of 1st period - Shot Misses the Net.
16:08 of 1st period - Snap shot by Brendan Gaunce.
16:08 of 1st period - Shot Misses the Net.
16:20 of 1st period - Wrist shot by Fredrik Olofsson.
16:20 of 1st period - Stopped by Jakub Skarek with a rebound.
16:22 of 1st period - Snap shot by Ilya Solovyov.
16:22 of 1st period - Shot Blocked by Austin Watson.
16:24 of 1st period - Slapshot by William Wallinder.
16:24 of 1st period - Stopped by Jakub Skarek with a rebound.
16:26 of 1st period - Wrist shot by Fredrik Olofsson.
16:26 of 1st period - Shot Blocked by Lassi Thomson.
16:28 of 1st period - Snap shot by Akil Thomas.
16:28 of 1st period - Shot Blocked by Lassi Thomson.
16:42 of 1st period - Wrist shot by Denis Gurianov.
16:42 of 1st period - Deflect By Noah Cates.
16:42 of 1st period - Stopped by Jakub Skarek without a rebound.
16:43 of 1st period - John Farinacci wins face-off versus Noah Cates in Toronto St Pats zone.
16:43 of 1st period - John Farinacci is hit by Noah Cates.
17:32 of 1st period - Snap shot by Tristen Robins.
17:32 of 1st period - Shot Blocked by Scott Perunovich.
18:12 of 1st period - Slapshot by Nikita Okhotiuk.
18:12 of 1st period - Deflect By Noah Cates.
18:12 of 1st period - Stopped by Daniel Vladar with a rebound.
18:14 of 1st period - Slapshot by Matthew Maggio.
18:14 of 1st period - Stopped by Daniel Vladar with a rebound.
18:16 of 1st period - Wrist shot by John Farinacci.
18:16 of 1st period - Goal by John Farinacci - Adelaide Pink Elephants : 0 - Toronto St Pats : 2.
18:17 of 1st period - Connor Dewar wins face-off versus Cal Clutterbuck in neutral zone.
18:32 of 1st period - Snap shot by Connor Dewar.
18:32 of 1st period - Stopped by Daniel Vladar without a rebound.
18:33 of 1st period - Brendan Gaunce wins face-off versus Fredrik Olofsson in Adelaide Pink Elephants zone.
18:44 of 1st period - Snap shot by Brett Berard.
18:44 of 1st period - Stopped by Daniel Vladar with a rebound.
18:59 of 1st period - Minor Penalty to Nick Cousins for Tripping.
19:00 of 1st period - Noah Cates wins face-off versus Connor Dewar in Toronto St Pats zone.
19:07 of 1st period - Snap shot by Noah Cates.
19:07 of 1st period - Goal by Noah Cates - Adelaide Pink Elephants : 1 - Toronto St Pats : 2.
19:08 of 1st period - Akil Thomas wins face-off versus Brendan Brisson in neutral zone.
19:36 of 1st period - Pierre-Olivier Joseph is hit by Colton Dach and loses puck.
Goals for this period are 1 for Adelaide Pink Elephants vs 2 for Toronto St Pats.
Shots for this period are 16 for Adelaide Pink Elephants vs 17 for Toronto St Pats.
2nd period
0:01 of 2nd period - Brendan Brisson wins face-off versus Noah Cates in neutral zone.
0:04 of 2nd period - Wrist shot by Mackie Samoskevich.
0:04 of 2nd period - Shot Blocked by Daemon Hunt.
0:14 of 2nd period - Wrist shot by Brendan Brisson.
0:14 of 2nd period - Shot Misses the Net.
0:16 of 2nd period - Slapshot by Pierre-Olivier Joseph.
0:16 of 2nd period - Stopped by Daniel Vladar without a rebound.
0:17 of 2nd period - Fredrik Olofsson wins face-off versus Connor Dewar in Adelaide Pink Elephants zone.
0:17 of 2nd period - Fredrik Olofsson is hit by Nick Cousins.
0:27 of 2nd period - Connor Dewar is hit by Robin Salo and loses puck.
0:51 of 2nd period - Wrist shot by Ryan Tverberg.
0:51 of 2nd period - Shot Misses the Net.
0:53 of 2nd period - Snap shot by Brendan Gaunce.
0:53 of 2nd period - Deflect By Ryan Tverberg.
0:53 of 2nd period - Deflect By Noah Cates.
0:53 of 2nd period - Stopped by Daniel Vladar with a rebound.
0:58 of 2nd period - Minor Penalty to Cal Clutterbuck for Tripping.
0:59 of 2nd period - Connor Dewar wins face-off versus Tristen Robins in Adelaide Pink Elephants zone.
1:33 of 2nd period - Snap shot by Brendan Brisson.
1:33 of 2nd period - Shot Blocked by Caleb Jones.
1:35 of 2nd period - Slapshot by Pierre-Olivier Joseph.
1:35 of 2nd period - Shot Blocked by Caleb Jones.
2:58 of 2nd period - Penalty to Cal Clutterbuck is over, Cal Clutterbuck is back on ice.
3:05 of 2nd period - Snap shot by John Farinacci.
3:05 of 2nd period - Shot Blocked by Caleb Jones.
3:15 of 2nd period - Bogdan Trineyev is hit by Tristen Robins and loses puck.
3:22 of 2nd period - Slapshot by Cal Clutterbuck.
3:22 of 2nd period - Shot Blocked by Brett Berard.
5:22 of 2nd period - Colton Dach is hit by Ryan Tverberg.
6:24 of 2nd period - Snap shot by John Farinacci.
6:24 of 2nd period - Deflect By Colton Dach.
6:24 of 2nd period - Stopped by Daniel Vladar with a rebound.
7:24 of 2nd period - Nick Cicek is hit by Matthew Maggio and loses puck.
7:43 of 2nd period - Tristen Robins is hit by Scott Perunovich and loses puck.
8:14 of 2nd period - Robin Salo is hit by Austin Watson and loses puck.
9:06 of 2nd period - Ryan Suzuki is hit by Austin Watson and loses puck.
9:44 of 2nd period - Francesco Pinelli is hit by John Farinacci and loses puck.
10:50 of 2nd period - Nick Cousins is hit by William Wallinder and loses puck.
11:09 of 2nd period - Noah Cates is hit by Brendan Brisson and loses puck.
11:19 of 2nd period - Icing by Tristen Robins.
11:20 of 2nd period - Brendan Gaunce wins face-off versus Tristen Robins in Adelaide Pink Elephants zone.
11:25 of 2nd period - Slapshot by Scott Perunovich.
11:25 of 2nd period - Deflect By Ryan Suzuki.
11:25 of 2nd period - Stopped by Daniel Vladar with a rebound.
11:27 of 2nd period - Snap shot by Scott Perunovich.
11:27 of 2nd period - Shot Blocked by Ryan Suzuki.
11:29 of 2nd period - Snap shot by Brendan Gaunce.
11:29 of 2nd period - Stopped by Daniel Vladar without a rebound.
11:30 of 2nd period - Brendan Gaunce wins face-off versus Fredrik Olofsson in Adelaide Pink Elephants zone.
11:31 of 2nd period - Slapshot by Scott Perunovich.
11:31 of 2nd period - Shot Blocked by Caleb Jones.
11:33 of 2nd period - Wrist shot by Brett Berard.
11:33 of 2nd period - Shot Misses the Net.
11:35 of 2nd period - Snap shot by Sam Malinski.
11:35 of 2nd period - Shot Misses the Net.
11:37 of 2nd period - Slapshot by Sam Malinski.
11:37 of 2nd period - Shot Misses the Net.
11:41 of 2nd period - Snap shot by Ryan Tverberg.
11:41 of 2nd period - Stopped by Daniel Vladar without a rebound.
11:42 of 2nd period - Noah Cates wins face-off versus Brendan Brisson in Adelaide Pink Elephants zone.
12:58 of 2nd period - Minor Penalty to Nikita Okhotiuk for Roughing.
12:59 of 2nd period - Fredrik Olofsson wins face-off versus Travis Boyd in Toronto St Pats zone.
13:00 of 2nd period - Slapshot by Akil Thomas.
13:00 of 2nd period - Shot Misses the Net.
13:25 of 2nd period - Slapshot by Brendan Brisson.
13:25 of 2nd period - Shot Hit the Post.
13:27 of 2nd period - Snap shot by Brendan Brisson.
13:27 of 2nd period - Stopped by Daniel Vladar without a rebound.
13:28 of 2nd period - Noah Cates wins face-off versus Connor Dewar in Adelaide Pink Elephants zone.
14:28 of 2nd period - Denis Gurianov is hit by Scott Perunovich.
14:52 of 2nd period - Cal Clutterbuck is hit by Connor Dewar and loses puck.
14:58 of 2nd period - Penalty to Nikita Okhotiuk is over, Nikita Okhotiuk is back on ice.
16:07 of 2nd period - Daemon Hunt is hit by Brendan Gaunce and loses puck.
16:44 of 2nd period - Wrist shot by Austin Watson.
16:44 of 2nd period - Stopped by Daniel Vladar with a rebound.
17:42 of 2nd period - Minor Penalty to Austin Watson for Hooking.
17:43 of 2nd period - Fredrik Olofsson wins face-off versus Travis Boyd in Toronto St Pats zone.
17:44 of 2nd period - Snap shot by Sean Farrell.
17:44 of 2nd period - Goal by Sean Farrell - Adelaide Pink Elephants : 2 - Toronto St Pats : 2.
17:45 of 2nd period - Cal Clutterbuck wins face-off versus Brendan Brisson in neutral zone.
17:52 of 2nd period - Wrist shot by Noah Cates.
17:52 of 2nd period - Shot Misses the Net.
18:16 of 2nd period - Slapshot by Caleb Jones.
18:16 of 2nd period - Stopped by Jakub Skarek without a rebound.
18:17 of 2nd period - Fredrik Olofsson wins face-off versus Connor Dewar in Toronto St Pats zone.
18:20 of 2nd period - Wrist shot by Akil Thomas.
18:20 of 2nd period - Stopped by Jakub Skarek without a rebound.
18:21 of 2nd period - Connor Dewar wins face-off versus Fredrik Olofsson in Toronto St Pats zone.
18:35 of 2nd period - Off-side.
18:36 of 2nd period - Noah Cates wins face-off versus Brendan Brisson in neutral zone.
18:49 of 2nd period - Snap shot by Brendan Brisson.
18:49 of 2nd period - Shot Misses the Net.
19:26 of 2nd period - Minor Penalty to Ilya Solovyov for Hooking.
19:27 of 2nd period - Brendan Brisson wins face-off versus Denis Gurianov in Adelaide Pink Elephants zone.
Goals for this period are 1 for Adelaide Pink Elephants vs 0 for Toronto St Pats.
Shots for this period are 3 for Adelaide Pink Elephants vs 8 for Toronto St Pats.
3rd period
0:01 of 3rd period - Brendan Brisson wins face-off versus Denis Gurianov in neutral zone.
0:16 of 3rd period - Wrist shot by Noah Cates.
0:16 of 3rd period - Shot Blocked by Mackie Samoskevich.
0:18 of 3rd period - Snap shot by Cal Clutterbuck.
0:18 of 3rd period - Shot Misses the Net.
0:20 of 3rd period - Slapshot by Ben Gleason.
0:20 of 3rd period - Deflect By Cal Clutterbuck.
0:20 of 3rd period - Stopped by Jakub Skarek with a rebound.
0:22 of 3rd period - Wrist shot by Cal Clutterbuck.
0:22 of 3rd period - Shot Misses the Net.
0:26 of 3rd period - Wrist shot by Noah Cates.
0:26 of 3rd period - Shot Misses the Net.
0:38 of 3rd period - Snap shot by Nick Cousins.
0:38 of 3rd period - Stopped by Daniel Vladar with a rebound.
0:40 of 3rd period - Slapshot by Lucas Carlsson.
0:40 of 3rd period - Deflect By Connor Dewar.
0:40 of 3rd period - Shot Misses the Net.
0:40 of 3rd period - Puck is out of play.
0:41 of 3rd period - Denis Gurianov wins face-off versus Connor Dewar in Adelaide Pink Elephants zone.
0:50 of 3rd period - Noah Cates is hit by Scott Perunovich and loses puck.
0:55 of 3rd period - Snap shot by Nick Cousins.
0:55 of 3rd period - Stopped by Daniel Vladar with a rebound.
0:57 of 3rd period - Snap shot by Scott Perunovich.
0:57 of 3rd period - Shot Misses the Net.
0:59 of 3rd period - Wrist shot by Nick Cousins.
0:59 of 3rd period - Shot Misses the Net.
1:26 of 3rd period - Penalty to Ilya Solovyov is over, Ilya Solovyov is back on ice.
1:33 of 3rd period - Caleb Jones is hit by Connor Dewar and loses puck.
1:49 of 3rd period - Wrist shot by Fredrik Olofsson.
1:49 of 3rd period - Deflect By Scott Perunovich.
1:49 of 3rd period - Stopped by Jakub Skarek without a rebound.
1:50 of 3rd period - Ryan Suzuki wins face-off versus Brendan Brisson in Toronto St Pats zone.
1:51 of 3rd period - Wrist shot by Colton Dach.
1:51 of 3rd period - Shot Blocked by Austin Watson.
2:01 of 3rd period - Slapshot by Mackie Samoskevich.
2:01 of 3rd period - Shot Misses the Net.
2:15 of 3rd period - Brett Berard is hit by Sean Farrell and loses puck.
3:12 of 3rd period - Slapshot by Fredrik Olofsson.
3:12 of 3rd period - Shot Blocked by Scott Perunovich.
3:14 of 3rd period - Wrist shot by Denis Gurianov.
3:14 of 3rd period - Shot Misses the Net.
3:16 of 3rd period - Slapshot by Robin Salo.
3:16 of 3rd period - Stopped by Jakub Skarek without a rebound.
3:17 of 3rd period - John Farinacci wins face-off versus Noah Cates in Toronto St Pats zone.
3:17 of 3rd period - John Farinacci is hit by Cal Clutterbuck.
3:26 of 3rd period - Minor Penalty to Cal Clutterbuck for Interference.
3:27 of 3rd period - Brendan Brisson wins face-off versus Denis Gurianov in Adelaide Pink Elephants zone.
3:37 of 3rd period - Wrist shot by Austin Watson.
3:37 of 3rd period - Stopped by Daniel Vladar with a rebound.
5:26 of 3rd period - Penalty to Cal Clutterbuck is over, Cal Clutterbuck is back on ice.
5:52 of 3rd period - Snap shot by Ryan Tverberg.
5:52 of 3rd period - Stopped by Daniel Vladar without a rebound.
5:53 of 3rd period - Cal Clutterbuck wins face-off versus Brendan Gaunce in Adelaide Pink Elephants zone.
5:53 of 3rd period - Cal Clutterbuck is hit by Brett Berard.
6:13 of 3rd period - Akil Thomas is hit by Lassi Thomson and loses puck.
6:51 of 3rd period - Snap shot by Ryan Suzuki.
6:51 of 3rd period - Shot Blocked by Lucas Carlsson.
7:19 of 3rd period - Akil Thomas is hit by Brett Berard and loses puck.
8:30 of 3rd period - Slapshot by Nick Cousins.
8:30 of 3rd period - Shot Misses the Net.
9:42 of 3rd period - Ben Gleason is hit by Sam Malinski.
10:02 of 3rd period - Nick Cousins is hit by Akil Thomas and loses puck.
10:39 of 3rd period - Slapshot by Scott Perunovich.
10:39 of 3rd period - Deflect By Ryan Suzuki.
10:39 of 3rd period - Stopped by Daniel Vladar with a rebound.
10:49 of 3rd period - Wrist shot by Brendan Gaunce.
10:49 of 3rd period - Stopped by Daniel Vladar without a rebound.
10:50 of 3rd period - Noah Cates wins face-off versus Brendan Gaunce in Adelaide Pink Elephants zone.
10:50 of 3rd period - Noah Cates is hit by Lassi Thomson.
11:03 of 3rd period - Minor Penalty to Brett Berard for Interference.
11:04 of 3rd period - Noah Cates wins face-off versus Travis Boyd in Toronto St Pats zone.
11:04 of 3rd period - Slapshot by Denis Gurianov.
11:04 of 3rd period - Shot Misses the Net.
11:06 of 3rd period - Snap shot by Noah Cates.
11:06 of 3rd period - Goal by Noah Cates - Adelaide Pink Elephants : 3 - Toronto St Pats : 2.
11:07 of 3rd period - Akil Thomas wins face-off versus Brendan Brisson in neutral zone.
11:18 of 3rd period - Icing by Pierre-Olivier Joseph.
11:19 of 3rd period - Akil Thomas wins face-off versus Brendan Brisson in Toronto St Pats zone.
11:20 of 3rd period - Snap shot by Noah Cates.
11:20 of 3rd period - Stopped by Jakub Skarek with a rebound.
11:22 of 3rd period - Wrist shot by Akil Thomas.
11:22 of 3rd period - Stopped by Jakub Skarek with a rebound.
11:24 of 3rd period - Snap shot by William Wallinder.
11:24 of 3rd period - Deflect By Mackie Samoskevich.
11:24 of 3rd period - Stopped by Jakub Skarek with a rebound.
11:26 of 3rd period - Wrist shot by Cal Clutterbuck.
11:26 of 3rd period - Stopped by Jakub Skarek with a rebound.
11:28 of 3rd period - Slapshot by Akil Thomas.
11:28 of 3rd period - Shot Blocked by Mackie Samoskevich.
11:30 of 3rd period - Slapshot by Noah Cates.
11:30 of 3rd period - Deflect By Akil Thomas.
11:30 of 3rd period - Shot Misses the Net.
11:30 of 3rd period - Puck is out of play.
11:31 of 3rd period - Akil Thomas wins face-off versus Brendan Brisson in Toronto St Pats zone.
11:32 of 3rd period - Snap shot by Noah Cates.
11:32 of 3rd period - Shot Blocked by Nikita Okhotiuk.
12:01 of 3rd period - Slapshot by Noah Cates.
12:01 of 3rd period - Stopped by Jakub Skarek with a rebound.
12:03 of 3rd period - Wrist shot by Akil Thomas.
12:03 of 3rd period - Goal by Akil Thomas - Adelaide Pink Elephants : 4 - Toronto St Pats : 2.
12:04 of 3rd period - Connor Dewar wins face-off versus Fredrik Olofsson in neutral zone.
12:15 of 3rd period - Snap shot by Connor Dewar.
12:15 of 3rd period - Stopped by Daniel Vladar with a rebound.
12:17 of 3rd period - Wrist shot by Nick Cousins.
12:17 of 3rd period - Stopped by Daniel Vladar with a rebound.
12:31 of 3rd period - Brendan Brisson is hit by Ilya Solovyov and loses puck.
12:54 of 3rd period - Slapshot by Nikita Okhotiuk.
12:54 of 3rd period - Deflect By Ben Gleason.
12:54 of 3rd period - Stopped by Daniel Vladar with a rebound.
13:02 of 3rd period - Icing by Nikita Okhotiuk.
13:03 of 3rd period - Brendan Gaunce wins face-off versus Akil Thomas in Toronto St Pats zone.
13:07 of 3rd period - Scott Perunovich is hit by Caleb Jones and loses puck.
13:32 of 3rd period - Wrist shot by Brendan Gaunce.
13:32 of 3rd period - Stopped by Daniel Vladar with a rebound.
13:34 of 3rd period - Wrist shot by Ryan Tverberg.
13:34 of 3rd period - Stopped by Daniel Vladar with a rebound.
13:36 of 3rd period - Slapshot by Lassi Thomson.
13:36 of 3rd period - Deflect By Daemon Hunt.
13:36 of 3rd period - Stopped by Daniel Vladar without a rebound.
13:37 of 3rd period - Connor Dewar wins face-off versus Tristen Robins in Adelaide Pink Elephants zone.
13:38 of 3rd period - Wrist shot by Travis Boyd.
13:38 of 3rd period - Shot Blocked by Ilya Solovyov.
13:46 of 3rd period - Wrist shot by Tristen Robins.
13:46 of 3rd period - Shot Misses the Net.
13:48 of 3rd period - Snap shot by Colton Dach.
13:48 of 3rd period - Shot Misses the Net.
13:50 of 3rd period - Wrist shot by Colton Dach.
13:50 of 3rd period - Shot Misses the Net.
14:04 of 3rd period - William Wallinder is hit by Austin Watson and loses puck.
14:26 of 3rd period - Slapshot by John Farinacci.
14:26 of 3rd period - Stopped by Daniel Vladar with a rebound.
14:34 of 3rd period - Matthew Maggio is hit by Sean Farrell.
14:46 of 3rd period - Snap shot by Brendan Gaunce.
14:46 of 3rd period - Shot Misses the Net.
15:10 of 3rd period - Snap shot by Cal Clutterbuck.
15:10 of 3rd period - Stopped by Jakub Skarek without a rebound.
15:11 of 3rd period - Connor Dewar wins face-off versus Noah Cates in Toronto St Pats zone.
15:31 of 3rd period - Snap shot by Noah Cates.
15:31 of 3rd period - Stopped by Jakub Skarek without a rebound.
15:32 of 3rd period - Ryan Suzuki wins face-off versus Brendan Gaunce in Toronto St Pats zone.
15:32 of 3rd period - Ryan Suzuki is hit by Brett Berard.
15:40 of 3rd period - Snap shot by Nikita Okhotiuk.
15:40 of 3rd period - Stopped by Daniel Vladar without a rebound.
15:41 of 3rd period - Brendan Gaunce wins face-off versus Ryan Suzuki in Adelaide Pink Elephants zone.
15:45 of 3rd period - Slapshot by Nikita Okhotiuk.
15:45 of 3rd period - Shot Blocked by Colton Dach.
15:47 of 3rd period - Slapshot by Pierre-Olivier Joseph.
15:47 of 3rd period - Shot Blocked by Daemon Hunt.
15:49 of 3rd period - Snap shot by Ryan Tverberg.
15:49 of 3rd period - Shot Blocked by Daemon Hunt.
15:51 of 3rd period - Snap shot by Brendan Gaunce.
15:51 of 3rd period - Stopped by Daniel Vladar with a rebound.
15:53 of 3rd period - Slapshot by Nikita Okhotiuk.
15:53 of 3rd period - Shot Misses the Net.
15:55 of 3rd period - Slapshot by Pierre-Olivier Joseph.
15:55 of 3rd period - Stopped by Daniel Vladar without a rebound.
15:56 of 3rd period - Akil Thomas wins face-off versus Connor Dewar in Adelaide Pink Elephants zone.
16:11 of 3rd period - Wrist shot by Akil Thomas.
16:11 of 3rd period - Stopped by Jakub Skarek without a rebound.
16:12 of 3rd period - Fredrik Olofsson wins face-off versus Brendan Gaunce in Toronto St Pats zone.
16:13 of 3rd period - Wrist shot by Akil Thomas.
16:13 of 3rd period - Stopped by Jakub Skarek without a rebound.
16:14 of 3rd period - Fredrik Olofsson wins face-off versus Brendan Gaunce in Toronto St Pats zone.
16:15 of 3rd period - Snap shot by Sean Farrell.
16:15 of 3rd period - Shot Blocked by Brett Berard.
16:30 of 3rd period - Off-side.
16:31 of 3rd period - Noah Cates wins face-off versus Connor Dewar in neutral zone.
16:42 of 3rd period - Snap shot by Denis Gurianov.
16:42 of 3rd period - Stopped by Jakub Skarek without a rebound.
16:43 of 3rd period - Akil Thomas wins face-off versus Brendan Gaunce in Toronto St Pats zone.
16:52 of 3rd period - Snap shot by Akil Thomas.
16:52 of 3rd period - Shot Misses the Net.
16:54 of 3rd period - Wrist shot by Cal Clutterbuck.
16:54 of 3rd period - Goal by Cal Clutterbuck - Adelaide Pink Elephants : 5 - Toronto St Pats : 2.
16:55 of 3rd period - Brendan Brisson wins face-off versus Noah Cates in neutral zone.
16:58 of 3rd period - Snap shot by Pierre-Olivier Joseph.
16:58 of 3rd period - Stopped by Daniel Vladar with a rebound.
17:28 of 3rd period - Wrist shot by Fredrik Olofsson.
17:28 of 3rd period - Shot Blocked by Travis Boyd.
17:52 of 3rd period - Colton Dach is hit by Brett Berard and loses puck.
18:09 of 3rd period - Scott Perunovich is hit by Denis Gurianov.
19:07 of 3rd period - Fredrik Olofsson is hit by Brendan Gaunce and loses puck.
19:14 of 3rd period - Snap shot by Ryan Tverberg.
19:14 of 3rd period - Stopped by Daniel Vladar with a rebound.
19:24 of 3rd period - Colton Dach is hit by John Farinacci and loses puck.
19:31 of 3rd period - Slapshot by John Farinacci.
19:31 of 3rd period - Stopped by Daniel Vladar with a rebound.
19:45 of 3rd period - Brendan Brisson is hit by Cal Clutterbuck and loses puck.
19:52 of 3rd period - Noah Cates is hit by Austin Watson and loses puck.
Goals for this period are 3 for Adelaide Pink Elephants vs 0 for Toronto St Pats.
Shots for this period are 16 for Adelaide Pink Elephants vs 19 for Toronto St Pats.
Back to the Top